 Dungeon Crawl Stone Soup version 0.28.0-53-g5a82cb258f (webtiles) character file.

Game seed: 6439325455766105663

66 Gabide the Ducker (level 4, -3/28 HPs)
             Began as a Tengu Monk on June 14, 2022.
             Slain by a scorpion (6 damage)
             ... on level 2 of the Dungeon.
             The game lasted 00:02:09 (1593 turns).

Gabide the Ducker (Tengu Monk)                      Turns: 1593, Time: 00:02:10

Health: -3/28      AC:  5    Str: 11    XL:     4   Next: 15%
Magic:  5/5        EV: 12    Int: 10    God:
Gold:   64         SH:  0    Dex: 19    Spells: 3/3 levels left

rFire   . . .      SeeInvis .   a - +0 spear
rCold   . . .      Faith    .   (no shield)
rNeg    . . .      Spirit   .   d - +0 ring mail
rPois   .          Reflect  .   (helmet restricted)
rElec   .          Harm     .   (no cloak)
rCorr   .          Rampage  .   (no gloves)
Will    .....                   (boots unavailable)
Stlth   ++........              (no amulet)
HPRegen 0.09/turn               (no ring)
MPRegen 0.09/turn               (no ring)

@: mighty, lethally poisoned (-3 -> -11)
A: beak, talons 3
a: no special abilities


You were on level 2 of the Dungeon.
You visited 1 branch of the dungeon, and saw 2 of its levels.

You collected 64 gold pieces.

Inventory:

Hand Weapons
 a - a +0 spear (weapon)
Armour
 d - a +0 ring mail (worn)
Potions
 e - a potion of berserk rage {unknown}


   Skills:
 + Level 3.4 Fighting
 + Level 3.8 Polearms
 * Level 4.2 Dodging
 + Level 2.7 Stealth


You had 3 spell levels left.
You didn't know any spells.
Your spell library contained the following spells:

 Spells                   Type           Power      Damage    Failure   Level
 Anguish                  Hex/Necr       0%         N/A       100%        4
 Cause Fear               Hex            0%         N/A       100%        4
 Fulminant Prism          Conj/Hex       0%         3d6       100%        4
 Enfeeble                 Hex            0%         N/A       100%        7
 Malign Gateway           Summ/Tloc      0%         N/A       100%        7
 Summon Horrible Things   Summ           0%         N/A       100%        8


Dungeon Overview and Level Annotations

Branches:
Dungeon (2/15)

Altars:

Shops:
D:2 *


Innate Abilities, Weirdness & Mutations

You have a beak for a mouth.
You have claws for feet.


Message History

The scorpion stings you but does no damage.
You are too injured to fight recklessly!
You are too injured to fight recklessly!
You are too injured to fight recklessly!
You are too injured to fight recklessly!
You are too injured to fight recklessly!
You are too injured to fight recklessly!
You are too injured to fight recklessly!
You are too injured to fight recklessly!
You are too injured to fight recklessly!
You are too injured to fight recklessly!
You are too injured to fight recklessly!
You are too injured to fight recklessly!
You are too injured to fight recklessly!
You are too injured to fight recklessly!
Okay, then.
You feel sick.
You feel sick.
You hit the scorpion but do no damage.
The scorpion is severely wounded.
You feel sick. The scorpion stings you.
You are lethally poisoned!
The scorpion poisons you!
It was a potion of curing.
You feel better. The scorpion stings you.
You are poisoned.
The scorpion poisons you! The scorpion stings you.
* * * LOW HITPOINT WARNING * * *
You feel very sick.
* * * LOW HITPOINT WARNING * * *
You feel very sick.
You feel better. The scorpion stings you.
* * * LOW HITPOINT WARNING * * *
You are lethally poisoned!
The scorpion poisons you!
It was a potion of might.
You feel very mighty all of a sudden.
* * * LOW HITPOINT WARNING * * *
You feel very sick. The scorpion stings you.
You die...

#.................# ##..
#.................# #..#
#............†....# #.##
#............†....# ##.#
#.................# ##..#
######..####.#.##.# #..##
##).# #.#.##.######.####
##.###.#.##.#.........#
#..##@#.##.#.....(...#
##..#s#.##.#>........#
#######........#.(.......#
#.....#.###.#............#
......†[# #.##...######...
........# ##..... .##
........# ....#.## .#
........# ..#.....
........# #.###.#.## #


You could see a scorpion.

Vanquished Creatures
  3 adders (D:2)
  3 dart slugs
  3 endoplasms
  A goblin (D:1)
  3 hobgoblins (D:2)
  3 jackals (D:2)
  4 kobolds
  A quokka (D:1)
  4 ball pythons
  3 bats (D:1)
  2 frilled lizards (D:1)
  5 rats
35 creatures vanquished.

Notes
Turn   | Place    | Note
-------+----------+-------------------------------------------
     0 | D:1      | Gabide the Tengu Monk began the quest for the Orb.
     0 | D:1      | Reached XP level 1. HP: 14/14 MP: 2/2
   207 | D:1      | Reached XP level 2. HP: 17/19 MP: 3/3
  1174 | D:2      | Reached XP level 3. HP: 23/23 MP: 4/4
  1294 | D:2      | Found Jaetzue's Assorted Antiques.
  1346 | D:2      | Got the Disquisition on the Oath
  1412 | D:2      | Reached skill level 4 in Dodging
  1551 | D:2      | Reached XP level 4. HP: 28/28 MP: 5/5
  1573 | D:2      | Noticed a scorpion
  1593 | D:2      | Slain by a scorpion

Illustrated notes

Levels and vault maps discovered:
D:1:      dpeg_arrival_houses_and_road, layout_basic
D:2:      layout_rooms, serial_shops, shop_statue,
          dreamdust_ecumenical_altar_angels_and_demons, minmay_surrounded

Skill      XL: |  1  2  3 |
---------------+----------+-----
Dodging        | 4 |  4.2
Fighting       | |  3.4
Polearms       | |  3.8
Stealth        | |  2.7

Action                   |  1- 3 |  4- 6 || total
-------------------------+-------+-------++-------
Melee: Spear             |    85 |    13 ||    98
       Kick              |    16 |     3 ||    19
       Peck              |     7 |     2 ||     9
       Punch             |     1 |       ||     1
  Use: Potion            |       |     3 ||     3
 Stab: Sleeping          |     8 |       ||     8
Armor: Robe              |     1 |       ||     1
       Leather armour    |     1 |       ||     1
       Ring mail         |    12 |     3 ||    15
Dodge: Dodged            |    27 |     5 ||    32
